AoeStats
← Vitolas

MegaRandom

503450855Analyzed
1v1 RM · 1mo ago on Aug 31, 2026· 53m 51s· 2 players
Game mode
Random Map
Map size
Tiny (2 player)
Population
200
Speed
Normal
Resources
Standard
Victory
Conquest
Starting age
Dark Age
Ending age
Imperial Age
RankedLock teamsTeams togetherTeam positionsShared explorationLock speedFull tech treeHidden civsTurbo modeCheats
Victory
Defeat
🇧🇪 Japanese · Belgium
610
+14
🇹🇷 Turks · Türkiye
576
-14
Sarısaltuk
12:20 Feudal Age
14:10 Double-Bit Axe
14:43 Horse Collar
17:44 Forging
17:42 Scale Barding Armor
17:37 Padded Archer Armor
17:38 Scale Mail Armor
17:29 Fletching
20:10 Castle Age
17:59 Loom
19:19 Scale Barding Armor
23:38 Iron Casting
23:16 Man-at-Arms
26:01 Long Swordsman
29:08 Heavy Plow
30:25 Bow Saw
33:30 Squires
34:44 Fishing Lines
36:34 Chain Barding Armor
36:29 Chain Mail Armor
36:15 Padded Archer Armor
36:10 Bodkin Arrow
39:34 Imperial Age
37:40 Ballistics
37:11 Guard Tower
40:46 Two-Handed Swordsman
41:12 Elite Cannon Galleon
41:52 Arrowslits
42:28 Bombard Tower
42:19 Fortified Wall
42:05 Murder Holes
42:44 Plate Mail Armor
42:50 Plate Barding Armor
42:16 Bracer
43:17 Blast Furnace
43:10 Leather Archer Armor
44:32 Wheelbarrow
43:43 Town Watch
44:26 Treadmill Crane
44:57 Masonry
48:56 Hand Cart
48:42 Town Patrol
50:41 Elite Janissary
Vitolas
8:41 Loom
12:54 Feudal Age
13:22 Double-Bit Axe
16:16 Wheelbarrow
16:04 Man-at-Arms
18:26 Fishing Lines
20:49 Arson
22:14 Scale Mail Armor
22:25 Forging
24:43 Castle Age
24:39 Fletching
25:03 Bloodlines
26:08 Scale Barding Armor
26:40 Bow Saw
26:19 Horse Collar
28:31 Iron Casting
28:15 Squires
27:37 Long Swordsman
28:40 Husbandry
30:33 Heavy Plow
31:54 Bodkin Arrow
32:16 Chain Mail Armor
35:11 Chain Barding Armor
41:44 Imperial Age
39:54 Ballistics
39:38 Gambesons
44:02 Medium Warships
51:02 Stone Mining
51:39 Conscription
51:37 Bracer
52:38 Blast Furnace
52:43 Chemistry
51:51 Siege Engineers
52:30 Hand Cart
53:08 Kataparuto
Connection lost

Rejoining the realm…

Still unreachable

The connection could not be restored.

Session expired

The server has moved on; the page needs a fresh start.